3L
SEATTLE AVIATORS @ MONTANA PANDAS
04/17/2024
 
TOP OF THE 1ST
Seattle Aviators batting - Pitching for Montana Pandas : RHP Orlando Ángel
Pitching: RHP Orlando Ángel
Batting: LHB Kenny Webster 0-0: Ball
1-0: Swinging Strike
1-1: Swinging Strike
1-2: Ball
2-2: Ball
3-2: Base on Balls
Batting: RHB Brian Williams 0-0: Ball
1-0: Called Strike
1-1: DOUBLE (Line Drive, 7D)
Kenny Webster to third
Batting: RHB Sean Davis 0-0: Ball
1-0: Foul Ball, location: 2F
1-1: Foul Ball, location: 2F
1-2: SINGLE (Groundball, 34D)
Kenny Webster scores
Brian Williams to third
Batting: LHB Jorge Mojica 0-0: Ball
1-0: Ball
2-0: Ball
3-0: Base on Balls
Sean Davis to second
Batting: RHB Tanyu Kimura 0-0: Swinging Strike
0-1: Foul Ball, location: 2F
0-2: Ball
Wild Pitch!
Brian Williams scores
Sean Davis to third
Jorge Mojica to second
1-2: Ball
2-2: Ball
3-2: Foul Ball, location: 2F
3-2: Foul Ball, location: 2F
3-2: Base on Balls
Batting: RHB Clarence Fox 0-0: Called Strike
0-1: Fly out, F7 (Flyball, 7D)
Runner from 3rd tags up, SCORES, no throw
Batting: RHB Vernon Caw 0-0: Ball
1-0: Swinging Strike
1-1: Ball
2-1: Foul Ball, location: 2F
2-2: Ball
3-2: SINGLE (Groundball, 6MD)
Jorge Mojica to third
Tanyu Kimura to second
Runner from 3rd tries for Home, SAFE, throw made home
Batting: LHB Ramón García 0-0: Ball
1-0: Called Strike
1-1: Ball
2-1: Ball
3-1: Base on Balls
Tanyu Kimura to third
Vernon Caw to second
Batting: RHB Kenzaburo Hori 0-0: Ball
1-0: Called Strike
1-1: Ball
2-1: Ball
3-1: Foul Ball, location: 2F
3-2: Base on Balls
Tanyu Kimura scores
Vernon Caw to third
Ramón García to second
Batting: LHB Kenny Webster 0-0: Ball
1-0: Ball
2-0: Ball
3-0: Called Strike
3-1: Base on Balls
Vernon Caw scores
Ramón García to third
Kenzaburo Hori to second
Batting: RHB Brian Williams 0-0: Called Strike
0-1: Swinging Strike
0-2: Ball
1-2: Ball
2-2: Foul Ball, location: 2F
2-2: Ball
3-2: Base on Balls
Ramón García scores
Kenzaburo Hori to third
Kenny Webster to second
Pitching: LHP Anaías Pedroza
Batting: RHB Sean Davis 0-0: Swinging Strike
0-1: Called Strike
0-2: Strikes out looking
Batting: LHB Jorge Mojica 0-0: Ball
1-0: Called Strike
1-1: Swinging Strike
1-2: Foul Ball, location: 2F
1-2: Foul Ball, location: 2F
1-2: Fly out, F7 (Flyball, 7S)
Top of the 1st over - 7 run(s), 3 hit(s), 0 error(s), 3 left on base; Seattle 7 - Montana 0
BOTTOM OF THE 1ST
Montana Pandas batting - Pitching for Seattle Aviators : RHP Matt Harris
Pitching: RHP Matt Harris
Batting: SHB Tsing Guao 0-0: Called Strike
0-1: Ball
1-1: Ball
2-1: Swinging Strike
2-2: Strikes out swinging
Batting: LHB Christian Blair 0-0: Called Strike
0-1: Ball
1-1: Ball
2-1: Called Strike
2-2: Foul Ball, location: 2F
2-2: Fly out, F9 (Flyball, 9D)
Batting: RHB Mario Piña 0-0: Ball
1-0: Called Strike
1-1: Fly out, F9 (Flyball, 9S)
Bottom of the 1st over - 0 run(s), 0 hit(s), 0 error(s), 0 left on base; Seattle 7 - Montana 0
TOP OF THE 2ND
Seattle Aviators batting - Pitching for Montana Pandas : LHP Anaías Pedroza
Batting: RHB Tanyu Kimura 0-0: Called Strike
0-1: Foul Ball, location: 2F
0-2: Ball
1-2: Foul Ball, location: 2F
1-2: Ball
2-2: Foul Ball, location: 2F
2-2: Ball
3-2: Base on Balls
Batting: RHB Clarence Fox 0-0: Ball
1-0: Ball
2-0: Called Strike
2-1: Ball
3-1: Foul Ball, location: 2F
3-2: Foul Ball, location: 2F
3-2: Base on Balls
Tanyu Kimura to second
Pitching: RHP Sixto Palaeios
Batting: RHB Vernon Caw 0-0: Ball
1-0: Called Strike
1-1: Grounds into double play, 5-4-3 (Groundball, 56)
Tanyu Kimura to third
Batting: LHB Ramón García 0-0: Fly out, F1 (Line Drive, 13)
Top of the 2nd over - 0 run(s), 0 hit(s), 0 error(s), 1 left on base; Seattle 7 - Montana 0
BOTTOM OF THE 2ND
Montana Pandas batting - Pitching for Seattle Aviators : RHP Matt Harris
Batting: RHB Omar Schuler 0-0: Ball
1-0: Ball
2-0: Called Strike
2-1: Foul Ball, location: 2F
2-2: Strikes out swinging
Batting: RHB Jorge Díaz 0-0: Ball
1-0: Ball
2-0: Called Strike
2-1: Called Strike
2-2: Ball
3-2: SINGLE (Line Drive, 6MD)
Batting: LHB Damian Delaney 0-0: SINGLE (Groundball, 34)
Jorge Díaz to second
Runner from 2nd tries for 3rd, SAFE, no throw or cutoff
Batting: RHB Jorge Rivera 0-0: Ball
1-0: Ball
2-0: Ball
3-0: Called Strike
3-1: Foul Ball, location: 2F
3-2: Strikes out looking
Batting: RHB Dani Trejo 0-0: Ball
1-0: Foul Ball, location: 2F
1-1: Ball
2-1: Foul Ball, location: 2F
2-2: Ball
3-2: SINGLE (Line Drive, 6MD)
Jorge Díaz scores
Damian Delaney to second
Damian Delaney to third
Batting: LHB Joaquín Rangel 0-0: Called Strike
0-1: Fly out, F5 (Popup, 5SF)
Bottom of the 2nd over - 1 run(s), 3 hit(s), 0 error(s), 2 left on base; Seattle 7 - Montana 1
TOP OF THE 3RD
Seattle Aviators batting - Pitching for Montana Pandas : RHP Sixto Palaeios
Batting: RHB Kenzaburo Hori 0-0: Foul Ball, location: 2F
0-1: Foul Ball, location: 2F
0-2: Ball
1-2: Foul Ball, location: 2F
1-2: Strikes out swinging
Batting: LHB Kenny Webster 0-0: Ball
1-0: Called Strike
1-1: Ground out 5-3 (Groundball, 56S)
Batting: RHB Brian Williams 0-0: Ball
1-0: Ball
2-0: Called Strike
2-1: Called Strike
2-2: Ball
3-2: SINGLE (Line Drive, 6D)
Batting: RHB Sean Davis 0-0: Called Strike
0-1: Swinging Strike
0-2: Ground out 5-3 (Groundball, 15S)
Top of the 3rd over - 0 run(s), 1 hit(s), 0 error(s), 1 left on base; Seattle 7 - Montana 1
BOTTOM OF THE 3RD
Montana Pandas batting - Pitching for Seattle Aviators : RHP Matt Harris
Batting: SHB Tsing Guao 0-0: Called Strike
0-1: Swinging Strike
0-2: Strikes out swinging
Batting: LHB Christian Blair 0-0: Ball
1-0: Foul Ball, location: 2F
1-1: Ground out 6-3 (Groundball, 6)
Batting: RHB Mario Piña 0-0: Called Strike
0-1: Called Strike
0-2: Ball
1-2: Foul Ball, location: 2F
1-2: Foul Ball, location: 2F
1-2: Foul Ball, location: 2F
1-2: Foul Ball, location: 2F
1-2: Strikes out looking
Bottom of the 3rd over - 0 run(s), 0 hit(s), 0 error(s), 0 left on base; Seattle 7 - Montana 1
TOP OF THE 4TH
Seattle Aviators batting - Pitching for Montana Pandas : RHP Sixto Palaeios
Pitching: RHP Iván Flores
Batting: LHB Jorge Mojica 0-0: Foul Ball, location: 2F
0-1: Foul Ball, location: 2F
0-2: Ball
1-2: Foul Ball, location: 2F
1-2: Ball
2-2: Ground out 4-3 (Groundball, 34)
Batting: RHB Tanyu Kimura 0-0: Ball
1-0: Called Strike
1-1: Ball
2-1: Fly out, F8 (Line Drive, 8LS)
Batting: RHB Clarence Fox 0-0: Swinging Strike
0-1: Ball
1-1: Ball
2-1: Ball
3-1: Base on Balls
Pitching: RHP José Juárez
Batting: RHB Vernon Caw 0-0: DOUBLE (Line Drive, 7LD)
Clarence Fox to third
Runner from 3rd tries for Home, SAFE, no throw or cutoff
Batting: LHB Ramón García 0-0: SINGLE (Line Drive, 56)
Vernon Caw to third
Runner from 3rd tries for Home, SAFE, no throw or cutoff
Batting: RHB Kenzaburo Hori 0-0: Ball
1-0: Ball
2-0: Ball
3-0: Called Strike
3-1: Called Strike
3-2: Foul Ball, location: 2F
3-2: SINGLE (Line Drive, 78M)
Ramón García to second
Ramón García to third
Pinch Hitting: RHB Tynan Hawkins 0-0: Ground out 5-3 (Groundball, 56)
Top of the 4th over - 2 run(s), 3 hit(s), 0 error(s), 2 left on base; Seattle 9 - Montana 1
BOTTOM OF THE 4TH
Montana Pandas batting - Pitching for Seattle Aviators : RHP Matt Harris
Now in LF: Tynan Hawkins
Batting: RHB Omar Schuler 0-0: Ball
1-0: Fly out, F8 (Flyball, 8LM)
Batting: RHB Jorge Díaz 0-0: Called Strike
0-1: Ball
1-1: Called Strike
1-2: SINGLE (Line Drive, 56D)
Batting: LHB Damian Delaney 0-0: Called Strike
0-1: Grounds into double play, 4-6-3 (Groundball, 4)
Bottom of the 4th over - 0 run(s), 1 hit(s), 0 error(s), 0 left on base; Seattle 9 - Montana 1
TOP OF THE 5TH
Seattle Aviators batting - Pitching for Montana Pandas : RHP José Juárez
Batting: RHB Brian Williams 0-0: Called Strike
0-1: Swinging Strike
0-2: Strikes out swinging
Batting: RHB Sean Davis 0-0: Fly out, F9 (Popup, 9LS)
Pinch Hitting: RHB Jay Parker 0-0: Ball
1-0: Ball
2-0: Called Strike
2-1: Foul Ball, location: 2F
2-2: SINGLE (Line Drive, 8RS)
Pitching: LHP Tomás Galván
Batting: RHB Tanyu Kimura 0-0: Swinging Strike
0-1: Ball
1-1: Ball
2-1: Ball
3-1: Called Strike
3-2: Foul Ball, location: 2F
3-2: Base on Balls
Jay Parker to second
Batting: RHB Clarence Fox 0-0: Ball
1-0: Called Strike
1-1: Ball
2-1: Ball
3-1: Foul Ball, location: 2F
3-2: Foul Ball, location: 2F
3-2: Strikes out swinging
Top of the 5th over - 0 run(s), 1 hit(s), 0 error(s), 2 left on base; Seattle 9 - Montana 1
BOTTOM OF THE 5TH
Montana Pandas batting - Pitching for Seattle Aviators : RHP Matt Harris
Pitching: RHP Dominic Parker
Now in CF: Jay Parker
Batting: RHB Jorge Rivera 0-0: Called Strike
0-1: Called Strike
0-2: Ball
1-2: Ball
2-2: Ball
3-2: Strikes out swinging
Batting: RHB Dani Trejo 0-0: Ball
1-0: Ball
2-0: Fly out, F8 (Flyball, 8LD)
Batting: LHB Joaquín Rangel 0-0: Ball
1-0: Foul Ball, location: 2F
1-1: Called Strike
1-2: Foul Ball, location: 2F
1-2: Fly out, F8 (Flyball, 8RD)
Bottom of the 5th over - 0 run(s), 0 hit(s), 0 error(s), 0 left on base; Seattle 9 - Montana 1
TOP OF THE 6TH
Seattle Aviators batting - Pitching for Montana Pandas : LHP Tomás Galván
Batting: RHB Vernon Caw 0-0: Called Strike
0-1: Ball
1-1: Foul Ball, location: 2F
1-2: SINGLE (Flyball, 9LS)
Batting: LHB Ramón García 0-0: Sac Bunt - play at first, batter OUT! 1-3
Vernon Caw to second
Batting: RHB Kenzaburo Hori 0-0: Called Strike
0-1: Ball
1-1: Called Strike
1-2: Ball
2-2: Strikes out swinging
Pitching: RHP Jesús Rivera
Batting: RHB Tynan Hawkins 0-0: Hit by Pitch
Batting: RHB Brian Williams 0-0: Called Strike
0-1: Swinging Strike
0-2: Strikes out swinging
Top of the 6th over - 0 run(s), 1 hit(s), 0 error(s), 2 left on base; Seattle 9 - Montana 1
BOTTOM OF THE 6TH
Montana Pandas batting - Pitching for Seattle Aviators : RHP Dominic Parker
Batting: SHB Tsing Guao 0-0: Ball
1-0: Foul Ball, location: 2F
1-1: Called Strike
1-2: Foul Ball, location: 2F
1-2: Foul Ball, location: 2F
1-2: Strikes out looking
Batting: LHB Christian Blair 0-0: Ball
1-0: Foul Ball, location: 2F
1-1: Foul Ball, location: 2F
1-2: Strikes out swinging
Batting: RHB Mario Piña 0-0: Swinging Strike
0-1: Ball
1-1: Foul Ball, location: 2F
1-2: Foul Ball, location: 2F
1-2: Strikes out swinging
Bottom of the 6th over - 0 run(s), 0 hit(s), 0 error(s), 0 left on base; Seattle 9 - Montana 1
TOP OF THE 7TH
Seattle Aviators batting - Pitching for Montana Pandas : RHP Jesús Rivera
Batting: RHB Sean Davis 0-0: Called Strike
0-1: Called Strike
0-2: Ball
1-2: Foul Ball, location: 2F
1-2: Strikes out swinging
Batting: RHB Jay Parker 0-0: Ball
1-0: Called Strike
1-1: Swinging Strike
1-2: Ground out 6-3 (Groundball, 6)
Batting: RHB Tanyu Kimura 0-0: Called Strike
0-1: Called Strike
0-2: Strikes out swinging
Top of the 7th over - 0 run(s), 0 hit(s), 0 error(s), 0 left on base; Seattle 9 - Montana 1
BOTTOM OF THE 7TH
Montana Pandas batting - Pitching for Seattle Aviators : RHP Dominic Parker
Batting: RHB Omar Schuler 0-0: Ball
1-0: Reached on error, E5 (Groundball, 5L)
Batting: RHB Jorge Díaz 0-0: Called Strike
0-1: Ball
1-1: Grounds into double play, 5-4-3 (Groundball, 5L)
Batting: LHB Damian Delaney 0-0: Foul Ball, location: 2F
0-1: Foul Ball, location: 2F
0-2: Strikes out swinging
Bottom of the 7th over - 0 run(s), 0 hit(s), 1 error(s), 0 left on base; Seattle 9 - Montana 1
TOP OF THE 8TH
Seattle Aviators batting - Pitching for Montana Pandas : RHP Jesús Rivera
Batting: RHB Clarence Fox 0-0: Ball
1-0: Called Strike
1-1: Fly out, F9 (Flyball, 9LM)
Batting: RHB Vernon Caw 0-0: Ball
1-0: Called Strike
1-1: Called Strike
1-2: Ball
2-2: Foul Ball, location: 2F
2-2: Foul Ball, location: 2F
2-2: Ball
3-2: Base on Balls
Pitching: LHP Rio Bavin
Batting: LHB Ramón García Balk!
Vernon Caw to second
0-0: Ball
1-0: Ball
2-0: Ground out 4-3 (Groundball, 34)
Vernon Caw to third
Batting: RHB Kenzaburo Hori 0-0: Ball
1-0: SINGLE (Line Drive, 6D)
Vernon Caw scores
Batting: RHB Tynan Hawkins 0-0: Swinging Strike
0-1: Ground out 3-1 (Groundball, 34)
Top of the 8th over - 1 run(s), 1 hit(s), 0 error(s), 1 left on base; Seattle 10 - Montana 1
BOTTOM OF THE 8TH
Montana Pandas batting - Pitching for Seattle Aviators : RHP Dominic Parker
Batting: RHB Jorge Rivera 0-0: Ball
1-0: Swinging Strike
1-1: Ball
2-1: Ball
3-1: Base on Balls
Batting: RHB Dani Trejo 0-0: Called Strike
0-1: Ball
1-1: Called Strike
1-2: Strikes out swinging
Batting: LHB Joaquín Rangel 0-0: Ball
1-0: Fly out, F9 (Flyball, 9M)
Batting: SHB Tsing Guao 0-0: Called Strike
0-1: Foul Ball, location: 2F
0-2: Strikes out swinging
Bottom of the 8th over - 0 run(s), 0 hit(s), 0 error(s), 1 left on base; Seattle 10 - Montana 1
TOP OF THE 9TH
Seattle Aviators batting - Pitching for Montana Pandas : LHP Rio Bavin
Batting: RHB Brian Williams 0-0: Ball
1-0: Ball
2-0: Called Strike
2-1: Called Strike
2-2: Ball
3-2: Strikes out swinging
Batting: RHB Sean Davis 0-0: Ball
1-0: Swinging Strike
1-1: Foul Ball, location: 2F
1-2: Foul Ball, location: 2F
1-2: Ground out U3 (Groundball, 3S)
Batting: RHB Jay Parker 0-0: Called Strike
0-1: Ball
1-1: Ball
2-1: Foul Ball, location: 2F
2-2: Foul Ball, location: 2F
2-2: Strikes out swinging
Top of the 9th over - 0 run(s), 0 hit(s), 0 error(s), 0 left on base; Seattle 10 - Montana 1
BOTTOM OF THE 9TH
Montana Pandas batting - Pitching for Seattle Aviators : RHP Dominic Parker
Pitching: RHP Chip Bishop
Pinch Hitting: LHB Luis Velázquez 0-0: Called Strike
0-1: SINGLE (Groundball, 5L)
Pinch Hitting: RHB Pancho Salaedo 0-0: Ball
1-0: Foul Ball, location: 2F
1-1: Foul Ball, location: 2F
1-2: Foul Ball, location: 2F
1-2: Strikes out swinging
Pinch Hitting: LHB Qi-zhen Loong 0-0: Ball
1-0: Grounds into double play, 6-4-3 (Groundball, 6)
Bottom of the 9th over - 0 run(s), 1 hit(s), 0 error(s), 0 left on base; Seattle 10 - Montana 1
This league is powered by Out of the Park Baseball, the baseball management simulation game for PC, Mac and Linux
Monday, October 3rd, 2016 - OOTP Baseball 16.9 Build 39